 Dungeon Crawl Stone Soup version 0.30.1-4-g462c640d31 (webtiles) character file.

Game seed: 14265900194962822422

830 Wiggles the Chopper (level 7, -14/61 HPs)
             Began as a Minotaur Berserker on Sept 6, 2023.
             Was a Priest of Trog.
             Demolished by an ogre
             ... wielding a +0 giant spiked club
              (16 damage)
             ... on level 6 of the Dungeon.
             The game lasted 00:05:57 (3769 turns).

Wiggles the Chopper (Minotaur Berserker)            Turns: 3769, Time: 00:05:58

Health: -14/61     AC: 10    Str: 23    XL:     7   Next: 65%
Magic:  6/6        EV:  7    Int:  4    God:    Trog [***...]
Gold:   216        SH: 12    Dex: 10    Spells: 6/6 levels left

rFire   . . .        a - +0 hand axe
rCold   . . .        d - +0 tower shield
rNeg    . . .        o - +0 chain mail
rPois   .            c - +1 hat
rElec   .            (no cloak)
rCorr   .            (no gloves)
SInv    .            (no boots)
Will    .....        (no amulet) Stlth
                     (no ring)
HPRegen 0.30/turn    (no ring)
MPRegen 0.10/turn

%: no passive effects
@: no status effects
A: horns 2, retaliatory headbutt
a: Renounce Religion, Berserk, Trog's Hand


You were on level 6 of the Dungeon.
You worshipped Trog.
Trog was most pleased with you.
You visited 1 branch of the dungeon, and saw 6 of its levels.

You collected 216 gold pieces.

Inventory:

Hand Weapons
 a - a +0 hand axe (weapon)
Armour
 c - a +1 hat (worn)
 d - a +0 tower shield (worn)
 o - a +0 chain mail (worn)
Jewellery
 h - an amulet of magic regeneration
Wands
 p - a wand of charming (14)
Scrolls
 e - 3 scrolls of immolation {unknown}
 f - 4 scrolls of teleportation {unknown}
 i - a scroll of acquirement {unknown}
 j - 2 scrolls of fear {unknown}
 k - 4 scrolls of identify {unknown}
 n - a scroll of amnesia {unknown}
 r - 2 scrolls of vulnerability {unknown}
 s - 2 scrolls of blinking {unknown}
Potions
 b - a potion of mutation {unknown}
 g - 2 potions of attraction {unknown}
 l - a potion of curing {unknown}
 m - a potion of heal wounds {unknown}
 q - a potion of haste {unknown}


   Skills:
 + Level 5.5 Fighting
 + Level 7.0 Axes
 + Level 4.9 Armour
 + Level 3.6 Dodging
 + Level 1.1 Stealth
 + Level 4.2 Shields


You had 6 spell levels left.
You didn't know any spells.
Your spell library was empty.

Dungeon Overview and Level Annotations

Branches:
Dungeon (6/15)             Temple (0/1) D:4

Altars:
Dithmenos
Nemelex Xobeh
Xom


Innate Abilities, Weirdness & Mutations

You have a pair of horns on your head.
You reflexively headbutt those who attack you in melee.


Message History

The scorpion is heavily wounded.
The scorpion stings you.
You hit the scorpion. You headbutt the scorpion!
You kill the scorpion!
Trog accepts your kill.
Your Axes skill increases to level 7!
No target in view!
No target in view!
HP restored.
An ogre comes into view. It is wielding a +0 giant spiked club.
The ogre shouts!
Found a ring mail.
You block the ogre's attack.
You hit the ogre.
The ogre is lightly wounded.
The ogre hits you with a +0 giant spiked club!
You hit the ogre.
The ogre is moderately wounded.
You hit the ogre.
The ogre is moderately wounded.
The ogre closely misses you.
You barely miss the ogre.
The ogre is moderately wounded.
The ogre hits you with a +0 giant spiked club!!
You are too injured to fight recklessly!
You are too injured to fight recklessly!
You are too injured to fight recklessly!
You hit the ogre.
The ogre is heavily wounded.
The ogre hits you with a +0 giant spiked club!!
* * * LOW HITPOINT WARNING * * *
You hit the ogre.
The ogre is heavily wounded.
The ogre completely misses you.
You barely miss the ogre. You headbutt the ogre.
The ogre is severely wounded.
You slash the ogre!
The ogre is almost dead.
The ogre hits you with a +0 giant spiked club!
You die...

........
....... #....#
.......
#....##.......
#..†..........
#.....<.......
#.....#.......
#.....########
##.(...#
#....@.#
#....O.#
#....$.#
#......#
#......##
######.. ..[
...


You could see an ogre.

Vanquished Creatures
  2 ogres (D:5)
  A phantom (D:5)
  4 scorpions
  2 jellies
  A hound (D:5)
  2 iguanas (D:5)
  Ijyb (D:3)
  4 gnolls (D:2)
  7 adders
  A white imp (D:5)
  An ufetubus (D:5)
  3 worms
  2 dart slugs
  3 orcs
  7 endoplasms
  2 giant cockroaches
  7 goblins
  8 hobgoblins
  5 jackals
  A quokka (D:2)
  8 ball pythons
  3 bats (D:2)
  2 frilled lizards (D:1)
  3 kobolds
  4 rats
84 creatures vanquished.

Notes
Turn   | Place    | Note
-------+----------+-------------------------------------------
     0 | D:1      | Wiggles the Minotaur Berserker began the quest for the Orb.
     0 | D:1      | Reached XP level 1. HP: 19/19 MP: 0/0
   465 | D:1      | Reached XP level 2. HP: 27/27 MP: 1/1
   486 | D:1      | Reached skill level 4 in Axes
   810 | D:2      | Reached ** piety under Trog
   852 | D:2      | Reached XP level 3. HP: 33/33 MP: 2/2
  1130 | D:2      | Found a shimmering altar of Xom.
  1205 | D:2      | Reached XP level 4. HP: 41/41 MP: 3/3
  1211 | D:2      | Reached skill level 1 in Shields
  1753 | D:3      | Reached skill level 5 in Axes
  1753 | D:3      | Reached XP level 5. HP: 40/47 MP: 4/4
  2328 | D:3      | Noticed Ijyb
  2341 | D:3      | Killed Ijyb
  2500 | D:4      | Found a staircase to the Ecumenical Temple.
  2636 | D:4      | Found a shadowy altar of Dithmenos.
  2636 | D:4      | Found a sparkling altar of Nemelex Xobeh.
  2899 | D:5      | Entered Level 5 of the Dungeon
  2923 | D:5      | Reached XP level 6. HP: 46/53 MP: 5/5
  3189 | D:5      | Reached *** piety under Trog
  3190 | D:5      | Reached skill level 6 in Axes
  3190 | D:5      | Reached skill level 1 in Stealth
  3413 | D:5      | Reached skill level 5 in Fighting
  3413 | D:5      | Reached XP level 7. HP: 61/61 MP: 6/6
  3742 | D:6      | Reached skill level 7 in Axes
  3766 | D:6      | HP: 1/61 [ogre/+0 giant spiked club (29)]
  3769 | D:6      | Demolished by an ogre

Illustrated notes

Levels and vault maps discovered:
D:1:      minmay_arrival_wavy_path, layout_loops_ring
D:2:      layout_basic, basic_altar
D:3:      layout_loops_ring, uniq_ijyb
D:4:      layout_rooms, nicolae_overflow_two_pavilions,
          minmay_temple_entry_mini_moons
D:5:      minmay_inner_zag, layout_rooms, nrook_mini_backslash,
          serial_bayou_pond_b
D:6:      layout_gridville, uniq_grinder, uniq_sigmund

Skill      XL: |  1  2  3  4  5  6  7 |
---------------+----------------------+-----
Axes           | 4 5 6 7 |  7.0
Fighting       | 4 5 |  5.5
Shields        | 1 2 3 4 |  4.2
Armour         | 3 4 |  4.9
Dodging        | 3 |  3.6
Stealth        | 1 |  1.1

Action                     |  1- 3 |  4- 6 |  7- 9 || total
---------------------------+-------+-------+-------++-------
  Melee: Hand axe          |    87 |   166 |    30 ||   283
         Headbutt          |    14 |    15 |     7 ||    36
 Invoke: Berserk           |     1 |     1 |     1 ||     3
 Armour: Animal skin       |     5 |       |       ||     5
         Ring mail         |    17 |       |       ||    17
         Leather armour    |    10 |    22 |       ||    32
         Chain mail        |       |    57 |     3 ||    60
  Dodge: Dodged            |    29 |    38 |     6 ||    73
  Block: Tower shield      |    40 |    98 |    13 ||   151
